[Event "Titled Tuesday Blitz July 4 Early 2023"]
[White "Chor, Kevin"]
[Black "Weishaeutel, Moritz"]
[WhiteFideId "2090740"]
[BlackFideId "12967300"]
[WhiteElo "2444"]
[BlackElo "2622"]
[Result "1-0"]
[Round "3"]
[TimeControl "180+2"]
[Date "2023.07.04"]
[WhiteClock "0:00:20"]
[BlackClock "0:00:50"]
[Board "110"]

1. e4 e5 2. Nf3 Nf6 3. Nxe5 Nc6 4. Nxc6 dxc6 5. Nc3 Bc5 6. h3 g5 7. d3 g4 8. Be3 Bxe3 9. fxe3 Qd6 10. Qe2 Be6 11. O-O-O O-O-O 12. d4 Qe7 13. Kb1 Rhg8 14. e5 Nh5 15. Qf2 gxh3 16. gxh3 Ng3 17. Rh2 h5 18. a3 h4 19. e4 Qg5 20. d5 Bd7 21. Qxa7 Be8 22. Qa8+ Kd7 23. dxc6+ Ke6 24. Bc4+ Kxe5 25. Rxd8 Qe3 26. Rxe8+ Kf4 27. Nd5+ Kf3 28. Nxe3 Rxe8 29. Qxe8 f5 30. cxb7 f4 31. Nd5 c5 32. b8=Q Nf5 33. Qxf4# 1-0


[Site "https://www.chess.com"]

[Event "Titled Tuesday Blitz July 4 Early 2023"]
[White "Kashlinskaya, Alina"]
[Black "Goncalves, Davi Sulzbacher"]
[WhiteFideId "4198026"]
[BlackFideId "2154510"]
[WhiteElo "2620"]
[BlackElo "2443"]
[Result "1-0"]
[Round "3"]
[TimeControl "180+2"]
[Date "2023.07.04"]
[WhiteClock "0:00:56"]
[BlackClock "0:00:00"]
[Board "111"]

1. Nf3 Nf6 2. g3 g6 3. Bg2 Bg7 4. O-O O-O 5. c4 d5 6. cxd5 Nxd5 7. d4 Nb6 8. Nc3 Nc6 9. e3 e5 10. d5 Na5 11. e4 c6 12. Bg5 f6 13. Be3 Nac4 14. Bc5 Re8 15. b3 Nd7 16. Bxa7 Rxa7 17. bxc4 Qa5 18. Qc2 Nc5 19. Nd2 Bg4 20. h3 Bd7 21. Kh2 Bf8 22. Rab1 Bd6 23. Nb3 Nxb3 24. axb3 Rea8 25. Na4 Qb4 26. c5 Bf8 27. d6 Be6 28. Nb6 Ra2 29. Rb2 Rxb2 30. Qxb2 Ra5 31. Rd1 Rxc5 32. d7 Qb5 33. d8=Q 1-0


[Site "https://www.chess.com"]

[Event "Titled Tuesday Blitz July 4 Early 2023"]
[White "Borgaonkar Akshay"]
[Black "Ocelak, Jakub"]
[WhiteFideId "25639110"]
[BlackFideId "23707933"]
[WhiteElo "2617"]
[BlackElo "2442"]
[Result "1-0"]
[Round "3"]
[TimeControl "180+2"]
[Date "2023.07.04"]
[WhiteClock "0:00:06"]
[BlackClock "0:00:01"]
[Board "112"]

1. Nf3 d5 2. b3 Nf6 3. Bb2 e6 4. e3 Be7 5. d4 O-O 6. Bd3 c5 7. Nbd2 cxd4 8. exd4 b6 9. Ne5 Ba6 10. Bxa6 Nxa6 11. Nc6 Qd7 12. Nxe7+ Qxe7 13. O-O Rfc8 14. c3 Nc7 15. a4 Nce8 16. Nf3 Ne4 17. Qd3 N8f6 18. Ne5 Nd7 19. Nf3 Rc7 20. Rfc1 Rac8 21. c4 Nef6 22. Ba3 dxc4 23. bxc4 Qd8 24. Qb3 Nf8 25. a5 bxa5 26. Bxf8 Qxf8 27. Rxa5 Qd6 28. c5 Qf4 29. Qe3 Nd5 30. Qxf4 Nxf4 31. Rca1 Ra8 32. Kf1 f6 33. Ra6 Kf7 34. Nd2 Rd7 35. c6 Rxd4 36. Nf3 Rc4 37. g3 Nd5 38. Rxa7+ Rxa7 39. Rxa7+ Kg6 40. c7 Rxc7 41. Ra6 Kf7 42. Nd4 Re7 43. Nc6 Rd7 44. Nd4 Re7 45. f4 g6 46. Kf2 Nc3 47. Kf3 Nd5 48. Nb5 Rd7 49. Nd6+ Ke7 50. Ne4 Kf7 51. Nd6+ Ke7 52. Ne4 Kf7 53. Nc5 Re7 54. g4 Nc7 55. Rc6 Nd5 56. Ne4 Rc7 57. Ra6 Rd7 58. g5 fxg5 59. Nxg5+ Kf6 60. Nxe6 Kf7 61. Ng5+ Kg7 62. Ne6+ Kf7 63. Nc5 Re7 64. Ne4 Nc7 65. Rc6 Ne8 66. Ng5+ Kg7 67. h4 Nf6 68. Ne6+ Kf7 69. Nd4 Kg7 70. f5 Kf7 71. fxg6+ hxg6 72. Kf2 Rd7 73. Nf3 Ne4+ 74. Ke3 Nf6 75. Ng5+ Kg7 76. Ne6+ Kf7 77. Ng5+ Kg7 78. Kf4 Nd5+ 79. Ke5 Ne7 80. Ra6 Rc7 81. Ne6+ Kh6 82. Nxc7 Nf5 83. Nd5 Nxh4 84. Kf4 Nf5 85. Kg4 Ng7 86. Nf4 Kh7 87. Rxg6 Ne8 88. Re6 Ng7 89. Re7 Kg8 90. Ne6 Nxe6 91. Rxe6 1-0


[Site "https://www.chess.com"]

[Event "Titled Tuesday Blitz July 4 Early 2023"]
[White "Begunov, Konstantin"]
[Black "Domingo Nunez, Alejandro"]
[WhiteFideId "4118510"]
[BlackFideId "22245561"]
[WhiteElo "2440"]
[BlackElo "2616"]
[Result "1-0"]
[Round "3"]
[TimeControl "180+2"]
[Date "2023.07.04"]
[WhiteClock "0:00:28"]
[BlackClock "0:00:00"]
[Board "113"]

1. d4 g6 2. c4 Bg7 3. Nc3 d6 4. e4 Nf6 5. f3 c6 6. Be3 a6 7. Qd2 b5 8. b3 Nbd7 9. Bd3 O-O 10. Nge2 e5 11. d5 bxc4 12. bxc4 c5 13. O-O Nh5 14. Rab1 f5 15. exf5 gxf5 16. f4 e4 17. Bc2 Nb6 18. Bb3 a5 19. Na4 Nxa4 20. Bxa4 Nf6 21. Bc6 Ra7 22. h3 Bd7 23. Rb5 Bxc6 24. dxc6 Qc7 25. Rd1 Rd8 26. Rxc5 Qc8 27. Rxf5 Qxf5 28. Bxa7 Bf8 29. Bb6 Rc8 30. Nd4 Qh5 31. c7 1-0


[Site "https://www.chess.com"]

[Event "Titled Tuesday Blitz July 4 Early 2023"]
[White "Omariev, Maksim"]
[Black "Karttunen, Mika"]
[WhiteFideId "4193423"]
[BlackFideId "502081"]
[WhiteElo "2437"]
[BlackElo "2615"]
[Result "0-1"]
[Round "3"]
[TimeControl "180+2"]
[Date "2023.07.04"]
[WhiteClock "0:00:36"]
[BlackClock "0:00:10"]
[Board "114"]

1. g4 d5 2. Bg2 c6 3. h3 Nf6 4. d4 Nbd7 5. Nf3 e6 6. c3 Ne4 7. Bf4 Bd6 8. Bxd6 Nxd6 9. Nbd2 O-O 10. Qc2 a5 11. O-O-O b5 12. e4 b4 13. e5 bxc3 14. Qxc3 Nb5 15. Qc2 a4 16. Kb1 Rb8 17. Ka1 a3 18. b3 f6 19. Qxc6 Rb6 20. Qc2 fxe5 21. dxe5 Bb7 22. Rc1 Qe7 23. h4 Rc8 24. Qd3 Nc5 25. Qb1 d4 26. Ng5 d3 27. Bxb7 Qxb7 28. Nc4 Qd5 29. Ne3 Qd4+ 0-1


[Site "https://www.chess.com"]

[Event "Titled Tuesday Blitz July 4 Early 2023"]
[White "Ganiev, Roman"]
[Black "Pandey Srishti"]
[WhiteFideId "4131452"]
[BlackFideId "35093290"]
[WhiteElo "2615"]
[BlackElo "2436"]
[Result "1-0"]
[Round "3"]
[TimeControl "180+2"]
[Date "2023.07.04"]
[WhiteClock "0:00:47"]
[BlackClock "0:01:44"]
[Board "115"]

1. e4 e5 2. d4 exd4 3. Qxd4 Nc6 4. Qe3 Nf6 5. Nc3 Bb4 6. Bd2 d5 7. exd5+ Ne7 8. Bc4 O-O 9. O-O-O Bxc3 10. Bxc3 Nexd5 11. Bxd5 Nxd5 12. Qe5 Nxc3 13. Rxd8 Nxa2+ 14. Kb1 Rxd8 15. Kxa2 Be6+ 16. b3 a5 17. Kb2 a4 18. Nf3 axb3 19. cxb3 Rd3 20. Nd4 Rd2+ 21. Kc3 Rxf2 22. Nxe6 fxe6 23. Qxe6+ Kh8 24. Re1 h6 25. Re2 Rf6 26. Qg4 Raf8 27. Re7 Rc6+ 28. Kb2 Rf2+ 29. Re2 Rf8 30. Qb4 Rff6 31. Qxb7 Rb6 1-0


[Site "https://www.chess.com"]

[Event "Titled Tuesday Blitz July 4 Early 2023"]
[White "Piesik, Piotr"]
[Black "Kopczynski, Michal"]
[WhiteFideId "1136194"]
[BlackFideId "1124200"]
[WhiteElo "2613"]
[BlackElo "2433"]
[Result "0-1"]
[Round "3"]
[TimeControl "180+2"]
[Date "2023.07.04"]
[WhiteClock "0:00:00"]
[BlackClock "0:00:17"]
[Board "116"]

1. Nf3 d6 2. d4 g6 3. g3 Bg7 4. Bg2 Nf6 5. O-O O-O 6. Nbd2 Nfd7 7. e4 Nc6 8. c3 e5 9. dxe5 Ndxe5 10. Nxe5 Nxe5 11. Nb3 Be6 12. f4 Nc6 13. Be3 f5 14. exf5 Bxf5 15. Bd5+ Kh8 16. g4 Bd7 17. h3 Qh4 18. Qf3 Rae8 19. Bf2 Qf6 20. Bg3 h5 21. gxh5 Bxh3 22. Rfe1 Qf5 23. hxg6 Qxg6 24. Bxc6 bxc6 25. Kf2 Bg4 26. Qxc6 Qc2+ 27. Kg1 Rxe1+ 28. Rxe1 Qxb2 29. Qh1+ Kg8 30. Qd5+ Kh7 31. Qe4+ Bf5 32. Qh1+ Kg6 33. Qg2 Qxg2+ 34. Kxg2 Bxc3 35. Rc1 Be4+ 36. Kf2 Be5 37. Ke3 Bb2 38. Rxc7 Bb1 39. Rxa7 Re8+ 40. Kf2 Bc2 41. Rc7 Bb1 0-1


[Site "https://www.chess.com"]

[Event "Titled Tuesday Blitz July 4 Early 2023"]
[White "Streltsov, Alexey"]
[Black "Jaskolka, Tomasz"]
[WhiteFideId "24104434"]
[BlackFideId "1170791"]
[WhiteElo "2431"]
[BlackElo "2612"]
[Result "0-1"]
[Round "3"]
[TimeControl "180+2"]
[Date "2023.07.04"]
[WhiteClock "0:01:15"]
[BlackClock "0:00:19"]
[Board "117"]

1. d4 d5 2. Nc3 e6 3. e4 Bb4 4. exd5 exd5 5. Bd3 Ne7 6. Nf3 c6 7. O-O Nd7 8. Ne2 Nf6 9. Bf4 Bg4 10. Ne5 Be6 11. c3 Bd6 12. Qb3 Qc7 13. Rae1 O-O 14. h3 Rfe8 15. Bh2 Bf5 16. Qc2 Bxd3 17. Qxd3 Ng6 18. f4 Ne4 19. Ng3 Nxg3 20. Bxg3 c5 21. dxc5 Bxe5 22. fxe5 Qxc5+ 23. Kh2 Re7 24. Rf5 Rae8 25. Ref1 Qc4 26. Qf3 Rf8 27. b3 Qc6 28. Rd1 Rd8 29. h4 Qe6 30. h5 Nf8 31. Rf1 Rde8 32. Bh4 Rd7 33. g4 b6 34. Bg3 d4 35. cxd4 Ree7 36. Bf2 Qd5 37. Be3 Qxf3 38. R5xf3 Ne6 39. Rc1 h6 40. Rc4 b5 41. Rb4 a5 42. Rxb5 Nxd4 43. Bxd4 Rxd4 44. Kg3 a4 45. b4 Rd2 46. a3 Re2 47. Rb8+ Kh7 48. Ra8 R2xe5 49. Rxa4 Re4 50. Ra5 f6 51. b5 Rc7 52. Kh3 Rcc4 53. Rg3 f5 54. g5 Rh4+ 55. Kg2 Rc2+ 56. Kf3 Rc3+ 57. Kg2 Rc2+ 58. Kf3 Rc3+ 59. Kf2 Rf4+ 60. Kg2 Rc2+ 61. Kh3 hxg5 62. Rxg5 Rf3+ 63. Rg3 Rff2 64. Rb3 Rh2+ 65. Kg3 Rhg2+ 66. Kf4 Rgf2+ 67. Ke5 Rfe2+ 68. Kxf5 Rc5+ 69. Kg4 Re4+ 70. Kf3 Rh4 71. a4 Rh3+ 72. Ke4 Rxb3 73. Kd4 Rxh5 74. Ra7 Rb4+ 75. Kc3 Rg4 76. Rd7 Rh3+ 77. Kb2 Rg2+ 78. Kc1 Rh1+ 79. Rd1 Rxd1+ 80. Kxd1 Ra2 81. Kc1 Rxa4 82. Kc2 Rb4 83. Kc3 Rxb5 84. Kc4 Rf5 85. Kd3 g6 86. Ke4 Kg7 87. Kd3 Kf6 0-1


[Site "https://www.chess.com"]

[Event "Titled Tuesday Blitz July 4 Early 2023"]
[White "Mickiewicz, Piotr"]
[Black "Fisher_TheGalactic"]
[WhiteFideId "1114891"]
[WhiteElo "2430"]
[BlackElo "2611"]
[Result "0-1"]
[Round "3"]
[TimeControl "180+2"]
[Date "2023.07.04"]
[WhiteClock "0:00:00"]
[BlackClock "0:00:03"]
[Board "118"]

1. Nf3 b6 2. g3 Bb7 3. Bg2 d5 4. O-O e6 5. d3 Nf6 6. Nbd2 Be7 7. e4 O-O 8. Re1 c5 9. e5 Nfd7 10. Nf1 Nc6 11. Bf4 b5 12. h4 c4 13. d4 b4 14. N1h2 a5 15. h5 a4 16. Ng4 c3 17. bxc3 bxc3 18. Qc1 Ba6 19. a3 Rb8 20. h6 g6 21. Bg5 Rb2 22. Bxe7 Qxe7 23. Re3 f5 24. exf6 Nxf6 25. Rxc3 Rb6 26. Nge5 Nxe5 27. Nxe5 Ne4 28. Rf3 Rxf3 29. Bxf3 Ng5 30. Bg2 Nf7 31. Qf4 Nd6 32. Re1 Bb7 33. Re3 Nf5 34. Rc3 g5 35. Qg4 Nxh6 36. Qh5 Nf5 37. Nf3 h6 38. Bh3 Qf7 39. Qxf7+ Kxf7 40. Bxf5 exf5 41. Rc7+ Ke8 42. Ne5 Ba6 43. Ra7 Bb5 44. f4 gxf4 45. gxf4 h5 46. Kf2 Rh6 47. Rb7 Ba6 48. Rb8+ Ke7 49. Ra8 h4 50. Nf3 h3 51. Kg3 Bf1 52. Nh2 Bg2 53. Ra7+ Kd8 54. Rxa4 Rc6 0-1


[Site "https://www.chess.com"]

[Event "Titled Tuesday Blitz July 4 Early 2023"]
[White "Ai, Evan"]
[Black "Czerw, Dawid"]
[WhiteFideId "2094770"]
[BlackFideId "1145746"]
[WhiteElo "2429"]
[BlackElo "2606"]
[Result "1-0"]
[Round "3"]
[TimeControl "180+2"]
[Date "2023.07.04"]
[WhiteClock "0:01:29"]
[BlackClock "0:00:02"]
[Board "119"]

1. d4 d5 2. c4 c6 3. Nc3 Nf6 4. cxd5 cxd5 5. Bf4 Nc6 6. e3 a6 7. Nf3 Bg4 8. h3 Bxf3 9. Qxf3 e6 10. Bd3 Bd6 11. g4 Bxf4 12. Qxf4 O-O 13. Rc1 Rc8 14. h4 b5 15. h5 b4 16. Na4 Qa5 17. b3 Nb8 18. Rxc8 Rxc8 19. Ke2 Qc7 20. Qxc7 Rxc7 21. g5 Ne8 22. f4 Nd6 23. Nc5 a5 24. Rc1 Nd7 25. Kd2 Nxc5 26. Rxc5 Rxc5 27. dxc5 Ne8 28. e4 Nc7 29. Ke3 Kf8 30. Kd4 Ke7 31. f5 dxe4 32. Bxe4 exf5 33. Bxf5 g6 34. hxg6 hxg6 35. Bg4 Nb5+ 36. Kc4 Nc3 37. c6 Kd6 38. Bf3 Nxa2 39. Kb5 Kc7 40. Kxa5 Nc1 41. Kxb4 Nd3+ 42. Kc3 Ne5 43. Bd5 Kd6 44. Kd4 Nxc6+ 45. Bxc6 Kxc6 46. Ke5 Kd7 47. Kf6 Ke8 48. b4 Kf8 49. b5 Kg8 50. b6 Kf8 51. b7 Kg8 52. b8=Q+ Kh7 53. Qc7 Kh8 54. Qe7 Kg8 55. Qxf7+ Kh8 56. Qg7# 1-0


[Site "https://www.chess.com"]

[Event "Titled Tuesday Blitz July 4 Early 2023"]
[White "Hoffmann, Asa"]
[Black "Vovk, Orest"]
[WhiteFideId "2001470"]
[BlackFideId "14113490"]
[WhiteElo "2427"]
[BlackElo "2605"]
[Result "0-1"]
[Round "3"]
[TimeControl "180+2"]
[Date "2023.07.04"]
[WhiteClock "0:00:28"]
[BlackClock "0:00:16"]
[Board "120"]

1. d4 h6 2. e4 g5 3. h4 g4 4. Qxg4 d5 5. Qf3 dxe4 6. Qxe4 Nf6 7. Qd3 Nc6 8. c3 Rg8 9. Nf3 Qd5 10. Be3 Bf5 11. Qe2 O-O-O 12. Nbd2 Bg4 13. Qc4 Qh5 14. Be2 e5 15. Nxe5 Nxe5 16. dxe5 Qxe5 17. O-O-O Bxe2 18. Qxe2 Rxg2 19. Qf3 Rg4 20. Nb3 Rxd1+ 21. Rxd1 Bd6 22. Rd4 Rxd4 23. Nxd4 h5 24. Qf5+ Qxf5 25. Nxf5 a6 26. Kd2 Kd7 27. Kd3 Ng4 28. Ke4 Be7 29. Kf3 Ne5+ 30. Kg3 Nc4 31. Bc1 Bd6+ 32. Kg2 Be7 33. Kg3 Ne5 34. Bf4 Nd3 35. b3 c5 36. Be3 b5 37. Ng7 Bf6 38. Nxh5 Bxc3 39. Nf4 c4 40. bxc4 bxc4 41. Ne2 Be5+ 42. Kf3 Ke6 43. Ke4 f5+ 44. Kf3 Ne1# 0-1


[Site "https://www.chess.com"]

[Event "Titled Tuesday Blitz July 4 Early 2023"]
[White "Vivas Zamora, Fabian Ernesto"]
[Black "Filgueira, Hernan"]
[WhiteFideId "3902480"]
[BlackFideId "101770"]
[WhiteElo "2427"]
[BlackElo "2602"]
[Result "0-1"]
[Round "3"]
[TimeControl "180+2"]
[Date "2023.07.04"]
[WhiteClock "0:00:07"]
[BlackClock "0:00:07"]
[Board "121"]

1. e4 d5 2. exd5 Qxd5 3. Nc3 Qd6 4. d4 c6 5. Nf3 Nf6 6. g3 Bf5 7. Bg2 e6 8. O-O Be7 9. Bf4 Qb4 10. Qd2 Nbd7 11. a3 Qb6 12. h3 h6 13. Rfe1 O-O 14. b3 Rfe8 15. Na4 Qd8 16. Rad1 Bxa3 17. c3 Bf8 18. b4 a5 19. Nc5 axb4 20. Nxb7 Qb6 21. Nd6 Bxd6 22. Bxd6 Ne4 23. Rxe4 Bxe4 24. Bxb4 Nf6 25. Qf4 Qb7 26. Bc5 Ra2 27. Ne5 Bxg2 28. Kxg2 Nd5 29. Qf3 Rc2 30. Rd3 Nf6 31. Nxc6 Qb1 32. Rd1 Qb2 33. Bb4 Nd5 34. Rd3 Rc1 35. Ne5 f6 36. Ng4 Qb1 37. Kh2 Rh1+ 38. Qxh1 Qxd3 39. Qe1 h5 40. Ne3 Nxe3 41. Qxe3 Qxe3 42. fxe3 Ra8 43. Kg2 Ra2+ 44. Kf3 Kf7 45. g4 h4 46. c4 Ra4 47. Be1 Rxc4 48. Bxh4 Rc1 49. Bf2 Rc2 50. h4 Ke7 51. h5 Kf7 52. Bg3 Ra2 53. Bf4 Ra1 54. Bg3 Ra3 55. Bf2 Ke7 56. Bg3 Kd7 57. Ke4 Ra5 58. Bf4 Ra2 59. h6 g5 60. h7 Ra8 61. Bg3 Rh8 62. Be1 Rxh7 63. Bc3 Rh3 64. d5 exd5+ 65. Kxd5 Rg3 66. Bxf6 Rxg4 67. Ke5 Rg1 68. Kf5 g4 69. Be5 g3 70. Kg4 g2 71. Kg3 Re1 72. Kxg2 Rxe3 73. Bg3 Rb3 74. Bf2 Ke6 75. Bg3 Kf5 76. Bf2 Kg4 77. Bd4 Rd3 78. Bf2 Rd2 79. Kg1 Kf3 80. Bb6 Rd1+ 81. Kh2 Rd6 82. Ba7 Rc6 83. Kh1 Kg3 84. Bb8+ Kf3 85. Ba7 Rc7 86. Bb8 Rb7 87. Bd6 Rb6 88. Bc5 Rb5 89. Ba7 Kg3 90. Bd4 Rh5+ 91. Kg1 Rd5 92. Bf2+ Kf3 93. Ba7 Rd2 94. Kh1 Kg3 95. Bb6 Kh3 96. Ba7 Kg3 97. Bb6 Rd1+ 98. Bg1 Kf3 99. Kh2 Rd7 100. Kh1 Rh7+ 101. Bh2 Rg7 102. Bb8 Kf2 103. Bd6 Rg6 104. Be5 Rh6+ 105. Bh2 Kf3 106. Kg1 Rc6 107. Kh1 Rc2 108. Bg1 Rb2 109. Bh2 Kf2 110. Bg1+ Kf1 111. Bb6 Rxb6 112. Kh2 Kf2 113. Kh3 Kf3 114. Kh4 Rb5 115. Kh3 Rh5# 0-1


[Site "https://www.chess.com"]

[Event "Titled Tuesday Blitz July 4 Early 2023"]
[White "MKlose11"]
[Black "Merino Garcia, Rafael II"]
[BlackFideId "2209128"]
[WhiteElo "2601"]
[BlackElo "2426"]
[Result "1-0"]
[Round "3"]
[TimeControl "180+2"]
[Date "2023.07.04"]
[WhiteClock "0:02:38"]
[BlackClock "0:01:52"]
[Board "122"]

1. e4 c6 2. Nc3 d5 3. g3 d4 4. Nce2 e5 5. d3 g6 6. f4 exf4 7. Bxf4 Bg7 8. Kd2 Ne7 9. Ke1 c5 10. Bg2 Nbc6 11. Qd2 O-O 12. Nf3 f5 13. exf5 Nxf5 14. Rf1 Re8 15. Kf2 Ne3 16. Rfe1 Bg4 17. Neg1 h6 18. Bxe3 dxe3+ 19. Rxe3 Rxe3 20. Qxe3 Bxb2 21. Rb1 Qf6 22. h3 Bd4 23. hxg4 Bxe3+ 24. Kxe3 Re8+ 25. Kf2 Nd4 26. Rxb7 Nxf3 27. Nxf3 Qd4+ 28. Nxd4 1-0


[Site "https://www.chess.com"]

[Event "Titled Tuesday Blitz July 4 Early 2023"]
[White "Ncatt"]
[Black "Gunduz, Umut Erdem"]
[BlackFideId "6381383"]
[WhiteElo "2424"]
[BlackElo "2600"]
[Result "0-1"]
[Round "3"]
[TimeControl "180+2"]
[Date "2023.07.04"]
[WhiteClock "0:01:26"]
[BlackClock "0:01:50"]
[Board "123"]

1. e4 c5 2. Nf3 d6 3. d4 cxd4 4. Nxd4 Nf6 5. Nc3 a6 6. Be3 e5 7. Nb3 Be6 8. f3 Nbd7 9. Qd2 h5 10. O-O-O Rc8 11. Kb1 Be7 12. Rg1 b5 13. Nd5 Bxd5 14. exd5 Nb6 15. g4 hxg4 16. fxg4 Nbxd5 17. g5 Nxe3 18. gxf6 Nxf1 19. Rdxf1 Bxf6 20. Rg4 d5 21. a4 Rc4 22. Rfg1 Rxg4 23. Rxg4 Qd7 24. Rb4 Be7 25. axb5 Bxb4 26. Qxb4 axb5 27. h4 f6 28. Qc5 Kf7 29. Qf2 d4 30. Qf1 Qd5 31. Qe1 d3 32. Nc1 d2 0-1


[Site "https://www.chess.com"]

[Event "Titled Tuesday Blitz July 4 Early 2023"]
[White "Marosi, Levente"]
[Black "Zacurdajev, Dmitry"]
[WhiteFideId "747181"]
[BlackFideId "4196309"]
[WhiteElo "2599"]
[BlackElo "2423"]
[Result "0-1"]
[Round "3"]
[TimeControl "180+2"]
[Date "2023.07.04"]
[WhiteClock "0:00:15"]
[BlackClock "0:00:10"]
[Board "124"]

1. e4 c6 2. Nc3 d5 3. Nf3 Bg4 4. h3 Bxf3 5. Qxf3 e6 6. d4 Nf6 7. Bd3 dxe4 8. Nxe4 Qxd4 9. c3 Qd8 10. O-O Nbd7 11. Bf4 e5 12. Rfe1 Be7 13. Bg3 O-O 14. Rad1 Qc7 15. Nxf6+ Bxf6 16. Bc2 Rfd8 17. Qf5 Nf8 18. Bxe5 Rxd1 19. Bxd1 Bxe5 20. Qxe5 Qxe5 21. Rxe5 Rd8 22. Bb3 Ng6 23. Re4 Kf8 24. Re2 Nf4 25. Re4 Nd3 26. Re2 Nc1 27. Rc2 Rd1+ 28. Kh2 Nxb3 29. axb3 Ke7 30. Kg3 Kd6 31. Kf3 f5 32. Ke2 Rd5 33. b4 Ke5 34. g3 g5 35. Kf3 h5 36. Re2+ Kf6 37. g4 hxg4+ 38. hxg4 Rd3+ 39. Kg2 fxg4 40. Re4 Rd2 41. Rxg4 Rxb2 42. Rd4 Rc2 43. Rd3 Kf5 44. Kf3 g4+ 45. Kg3 b6 46. Re3 c5 47. bxc5 bxc5 48. Kg2 a5 49. Rd3 a4 50. Rd5+ Ke4 51. Rxc5 Kd3 52. Ra5 Ra2 53. Kg3 Kxc3 54. Kxg4 Kb4 55. Rf5 a3 56. f4 Rg2+ 57. Kf3 a2 58. Kxg2 a1=Q 59. Re5 Qb2+ 60. Kf3 Kc4 61. Ke4 Qc2+ 62. Kf3 Kd4 63. Kg3 Qg6+ 64. Kf3 Kd3 65. Re3+ Kd2 66. Re5 Qg1 67. Ke4 Qg3 68. Rg5 Qd3+ 69. Ke5 Ke3 70. f5 Qd4+ 71. Ke6 Kf4 72. Rg6 Qe4+ 73. Kf7 Kxf5 74. Rf6+ Kg5 75. Rg6+ Qxg6+ 0-1


[Site "https://www.chess.com"]

[Event "Titled Tuesday Blitz July 4 Early 2023"]
[White "Marn, Jan"]
[Black "ATM622"]
[WhiteFideId "14619245"]
[WhiteElo "2422"]
[BlackElo "2590"]
[Result "1-0"]
[Round "3"]
[TimeControl "180+2"]
[Date "2023.07.04"]
[WhiteClock "0:01:23"]
[BlackClock "0:01:34"]
[Board "125"]

1. e4 c6 2. Nc3 d5 3. Nf3 dxe4 4. Nxe4 Nf6 5. Nxf6+ exf6 6. d4 Bd6 7. Qe2+ Qe7 8. Qxe7+ Bxe7 9. Bd3 O-O 10. O-O Bg4 11. Re1 Bd6 12. Nd2 Nd7 13. h3 Bh5 14. Nc4 Bc7 15. Re7 Rad8 16. Bd2 Rfe8 17. Rae1 Rxe7 18. Rxe7 b5 19. Na5 Bxa5 20. Bxa5 Nb6 21. Rxa7 Bg6 22. Bxb6 Re8 23. Bxg6 fxg6 24. Rc7 Re1+ 25. Kh2 Re6 26. Bc5 h5 27. Rc8+ Kh7 28. b3 Re2 29. Rxc6 Rxc2 30. a4 bxa4 31. bxa4 Ra2 32. Ra6 g5 33. Ra8 f5 34. a5 f4 35. f3 g4 36. hxg4 hxg4 37. fxg4 f3 38. Kg1 Rxg2+ 39. Kf1 Rxg4 40. a6 Rg2 41. a7 Ra2 42. Rf8 g5 43. a8=Q Rxa8 44. Rxa8 g4 45. Kf2 Kg6 46. Kg3 Kf5 47. Rf8+ Ke6 48. Kxg4 f2 49. Rxf2 1-0


[Site "https://www.chess.com"]

[Event "Titled Tuesday Blitz July 4 Early 2023"]
[White "KorolDimitriy75"]
[Black "Ovchinnikov, Vsevolod"]
[BlackFideId "24176842"]
[WhiteElo "2418"]
[BlackElo "2587"]
[Result "0-1"]
[Round "3"]
[TimeControl "180+2"]
[Date "2023.07.04"]
[WhiteClock "0:00:00"]
[BlackClock "0:00:04"]
[Board "126"]

1. d4 Nf6 2. c4 g6 3. Nc3 d5 4. cxd5 Nxd5 5. e4 Nxc3 6. bxc3 Bg7 7. Nf3 c5 8. Rb1 O-O 9. Be2 Qa5 10. Qd2 Rd8 11. Rb5 Qa4 12. Rxc5 Be6 13. Ng5 Bxa2 14. Bb5 Qb3 15. Bc4 Qxc4 16. Rxc4 Bxc4 17. Ba3 Nc6 18. f4 b5 19. d5 e6 20. d6 e5 21. Kf2 exf4 22. Rc1 h6 23. Nf3 g5 24. h3 Rd7 25. Kg1 Re8 26. Bc5 Rxe4 27. Re1 f5 28. Nd4 Nxd4 29. cxd4 Bf8 30. Rxe4 fxe4 31. Qb4 Kf7 32. Kf2 Ke6 33. Qa3 e3+ 34. Kf3 Bd5+ 35. Ke2 Bxg2 36. Qb3+ Bd5 37. Qxb5 Bxd6 38. Bxd6 Kxd6 39. Qa6+ Bc6 40. Qa3+ Ke6 41. Qc5 Bd5 42. Qa5 Re7 43. Qa6+ Kf5 44. Qxh6 f3+ 0-1


[Site "https://www.chess.com"]

[Event "Titled Tuesday Blitz July 4 Early 2023"]
[White "Arat, Ufuk Sezen"]
[Black "Bueno, Alfeu Junior Varela"]
[WhiteFideId "6309089"]
[BlackFideId "2108879"]
[WhiteElo "2586"]
[BlackElo "2422"]
[Result "0-1"]
[Round "3"]
[TimeControl "180+2"]
[Date "2023.07.04"]
[WhiteClock "0:00:10"]
[BlackClock "0:00:08"]
[Board "127"]

1. e4 e6 2. d4 d5 3. Nc3 Nf6 4. Bg5 Be7 5. e5 Nfd7 6. Bxe7 Qxe7 7. f4 O-O 8. Nf3 c5 9. dxc5 f6 10. exf6 Qxf6 11. g3 Nc6 12. Bg2 Nxc5 13. O-O d4 14. Nb5 d3 15. cxd3 Qxb2 16. Rb1 Qxa2 17. Nd6 Qd5 18. Nxc8 Raxc8 19. d4 Rcd8 20. Kh1 Nxd4 21. Ng5 Qf5 22. Bh3 Qd5+ 23. Bg2 Qc4 24. Rc1 Qb4 25. Qh5 h6 26. Nh3 b6 27. Rce1 Nd3 28. Re4 Qd2 29. Qg6 Rf6 30. Qh5 Nf5 31. Qg4 Ne3 32. Qf3 Nxf1 33. Bxf1 Nc5 34. Re5 Qd1 35. Qxd1 Rxd1 36. Kg2 Rf7 37. Nf2 Rd2 38. Bc4 Rfd7 39. Kf3 Rc2 40. Bxe6+ Nxe6 41. Rxe6 Rc3+ 42. Kg4 Rcc7 43. Re2 Rb7 44. Rb2 a5 45. Ne4 a4 46. f5 a3 47. Ra2 b5 48. Rxa3 Rd4 49. Kf3 b4 50. Rb3 Rc4 51. Ke3 Re7 52. Kd3 Rexe4 53. Rb1 Kf7 54. Ra1 Red4+ 55. Ke3 Rd7 56. h3 b3 57. g4 b2 58. Rb1 Rb7 59. Kd2 Rc1 60. Rxc1 bxc1=Q+ 61. Kxc1 Rb3 62. Kd2 Rxh3 63. f6 0-1


[Site "https://www.chess.com"]

[Event "Titled Tuesday Blitz July 4 Early 2023"]
[White "Onufrienko, Vladislav"]
[Black "Ezat, Mohamed"]
[WhiteFideId "13804332"]
[BlackFideId "10600906"]
[WhiteElo "2401"]
[BlackElo "2584"]
[Result "0-1"]
[Round "3"]
[TimeControl "180+2"]
[Date "2023.07.04"]
[WhiteClock "0:01:10"]
[BlackClock "0:01:04"]
[Board "128"]

1. e4 c6 2. d4 d5 3. e5 c5 4. dxc5 Nc6 5. Nf3 Bg4 6. Bb5 Qa5+ 7. Nc3 e6 8. a3 Bxc5 9. b4 Bxb4 10. axb4 Qxa1 11. Qd2 Bxf3 12. gxf3 Ne7 13. O-O O-O 14. f4 Nf5 15. Na4 Qd4 16. Nc5 Nxb4 17. Nd3 Nxd3 18. Bxd3 Rfc8 19. Ba3 Nh4 20. Kh1 g6 21. Be7 Nf5 22. Bf6 a5 23. Qc1 Qxd3 24. cxd3 Rxc1 25. Rxc1 a4 26. Kg2 a3 27. Kf3 a2 28. Ra1 Nd4+ 29. Ke3 Nc2+ 0-1


[Site "https://www.chess.com"]

[Event "Titled Tuesday Blitz July 4 Early 2023"]
[White "Ince, Taylan Ruzgar"]
[Black "Buscar, Michael"]
[WhiteFideId "44513089"]
[BlackFideId "2603616"]
[WhiteElo "2583"]
[BlackElo "2398"]
[Result "1-0"]
[Round "3"]
[TimeControl "180+2"]
[Date "2023.07.04"]
[WhiteClock "0:02:22"]
[BlackClock "0:01:58"]
[Board "129"]

1. b3 d5 2. Bb2 c5 3. e3 Nc6 4. Bb5 Qc7 5. f4 a6 6. Bxc6+ Qxc6 7. Nf3 Bg4 8. O-O Nf6 9. Qe1 g6 10. Ne5 Qc8 11. c4 dxc4 12. bxc4 Bg7 13. h3 Bf5 14. Nc3 Nd7 15. e4 Nxe5 16. fxe5 Be6 17. Nd5 O-O 18. Nxe7+ 1-0


[Site "https://www.chess.com"]

[Event "Titled Tuesday Blitz July 4 Early 2023"]
[White "Pinheiro, Iung Alicio de O."]
[Black "Slavin, Alexey"]
[WhiteFideId "2104350"]
[BlackFideId "24104388"]
[WhiteElo "2581"]
[BlackElo "2394"]
[Result "1-0"]
[Round "3"]
[TimeControl "180+2"]
[Date "2023.07.04"]
[WhiteClock "0:00:12"]
[BlackClock "0:00:00"]
[Board "130"]

1. e4 Nc6 2. Nf3 d6 3. h3 Nf6 4. Nc3 e5 5. Bb5 Bd7 6. d4 exd4 7. Nxd4 Be7 8. Bxc6 bxc6 9. Bf4 c5 10. Nde2 Rb8 11. b3 O-O 12. e5 Ne8 13. O-O Bf5 14. Ng3 Bg6 15. exd6 cxd6 16. Nd5 Bg5 17. c4 Bxf4 18. Nxf4 Nf6 19. Qf3 Rb6 20. Rad1 Qb8 21. Nd5 Nxd5 22. Rxd5 a5 23. Rfd1 a4 24. bxa4 Ra6 25. Qf4 Rxa4 26. Rxd6 Rxa2 27. Qe5 Qc8 28. h4 h6 29. h5 Bh7 30. Qe7 Ra8 31. Rd7 Qe8 32. Qxc5 Qe6 33. Qd5 Qe8 34. c5 Rc8 35. c6 Qe6 36. Qxe6 fxe6 37. c7 Bc2 38. R1d2 Ba4 39. Re7 Rfe8 40. Rxe8+ Bxe8 41. Rd8 Rxc7 42. Rxe8+ Kf7 43. Ra8 Rc1+ 44. Kh2 Rc2 45. f3 Kf6 46. Ne4+ Ke5 47. Rg8 Rc7 48. Kg3 Re7 49. Kg4 Rf7 50. g3 Re7 51. Nf2 Rf7 52. f4+ Kd4 53. Kf3 e5 54. Ng4 exf4 55. gxf4 Kd5 56. Ne5 Ra7 57. Kg4 Ke6 58. Rf8 1-0


[Site "https://www.chess.com"]